Map: Traitor's Exile

Players

Kaisad

  • Race: Protoss Protoss
  • Spawn Location: 12:00

TwoTablesMad

  • Race: Protoss Protoss
  • Spawn Location: 9:00

MonstroTown

  • Race: Terran Terran
  • Spawn Location: 6:00

Michael

  • Race: Zerg Zerg
  • League: Gold
  • Spawn Location: 5:00

VOD

Have the link to the VOD?

Description

Time

  • Played on: Sept. 16, 2018, 2:16 a.m.
  • Length: 5:01
Show
View Real Time Build Order
Export as new Build Order

Kaisad Protoss 

Build Orders:  

Get SALT Encoding   

  12  0:02  Probe  
  13  0:14  Probe  
  14  0:24  Pylon  
  14  0:27  Probe  
  15  0:42  Probe  
  16  0:49  Gateway  
  16  0:52  Probe  
  16  0:54  Pylon  
  17  1:00  Probe  
  18  1:15  Pylon  
  18  1:22  Assimilator  
  18  1:27  Assimilator  
  18  1:29  Probe  
  19  1:36  Cybernetics Core  
  19  1:41  Zealot, Probe  
  22  1:51  Pylon  
  22  1:57  Forge  
  22  2:00  Probe  
  22  2:02  Warp Gate  
  22  2:08  Probe  
  24  2:18  Stalker  
  26  2:40  Gateway  
  26  2:41  Gateway  
  26  2:45  Probe  
  27  2:58  Protoss Ground Armor Level 1, Gateway  
  27  3:03  Pylon  
  27  3:21  Sentry  
  29  3:30  Sentry  
  29  3:32  Zealot  
  33  3:46  Pylon  
  32  4:09  Photon Cannon  
  32  4:15  Stalker x2  
  32  4:16  Stalker x2  
  40  4:22  Pylon  
  40  4:25  Pylon  
  40  5:00  Pylon  
Show
View Real Time Build Order
Export as new Build Order

TwoTablesMad Protoss 

Build Orders:  

Get SALT Encoding   

  12  0:01  Probe  
  13  0:13  Probe  
  14  0:19  Pylon  
  14  0:25  Probe  
  15  0:39  Probe  
  15  0:41  Gateway  
  15  0:48  Probe  
  17  0:59  Probe  
  18  1:11  Probe  
  19  1:13  Assimilator  
  19  1:23  Probe  
  20  1:30  Cybernetics Core  
  20  1:31  Pylon  
  20  1:36  Probe  
  21  1:43  Zealot  
  23  1:49  Probe  
  24  1:56  Warp Gate  
  24  1:57  Pylon  
  24  1:58  Assimilator  
  24  2:01  Probe  
  24  2:04  Stalker  
  26  2:41  Probe  
  27  2:49  Gateway  
  27  2:50  Gateway  
  27  2:51  Gateway  
  27  2:59  Stalker  
  29  3:14  Probe  
  29  3:33  Pylon  
  29  3:36  Pylon  
  29  4:02  Stalker x4  
  35  4:22  Sentry  
  37  4:26  Zealot  
  37  4:27  Zealot, Stalker  
Show
View Real Time Build Order
Export as new Build Order

MonstroTown Terran 

Build Orders:  

Get SALT Encoding   

  12  0:01  SCV  
  13  0:13  SCV  
  14  0:21  Supply Depot  
  14  0:25  SCV  
  16  0:42  SCV  
  16  0:45  Barracks  
  16  0:48  Refinery  
  16  0:54  SCV  
  17  1:07  SCV  
  18  1:13  Refinery  
  18  1:19  SCV  
  19  1:32  Reaper  
  20  1:33  Orbital Command  
  20  1:42  Barracks  
  20  1:54  Supply Depot  
  20  1:59  SCV  
  21  2:04  Barracks Reactor  
  21  2:11  SCV  
  22  2:28  SCV  
  23  2:37  Command Center  
  23  2:41  SCV  
  23  2:43  Barracks Tech Lab, Marine  
  23  2:44  Marine  
  26  2:53  SCV  
  27  2:58  Factory  
  27  3:06  Marine x2  
  29  3:24  Marauder  
  31  3:34  SCV  
  32  3:37  Supply Depot  
  32  3:46  SCV  
  33  3:57  Marine x2  
  33  3:58  Marauder  
  37  4:16  Marine x2  
  39  4:19  Factory Tech Lab  
  39  4:22  Starport  
  39  4:29  Orbital Command  
  39  4:30  Engineering Bay  
  39  4:36  Marauder, Marine x2  
Show
View Real Time Build Order
Export as new Build Order

Michael Zerg 

Build Orders: Pool First 

Get SALT Encoding   

  12  0:01  Drone  
  13  0:13  Overlord  
  13  0:18  Drone  
  14  0:31  Drone x2  
  14  0:35  Drone  
  17  0:39  Extractor  
  16  0:45  Drone  
  17  0:54  Spawning Pool  
  17  0:56  Drone  
  17  1:07  Drone  
  18  1:25  Hatchery  
  17  1:29  Drone  
  17  1:32  Drone  
  19  1:39  Overlord  
  19  1:50  Queen  
  21  1:57  Metabolic Boost  
  21  2:01  Zergling x2  
  21  2:05  Drone  
  23  2:10  Extractor  
  23  2:11  Drone  
  23  2:22  Drone  
  24  2:34  Queen  
  26  2:42  Roach Warren, Drone  
  26  2:44  Drone  
  27  2:53  Queen  
  27  2:56  Drone  
  30  3:05  Drone x2  
  32  3:06  Drone  
  33  3:16  Evolution Chamber  
  33  3:19  Drone  
  33  3:20  Drone  
  33  3:22  Drone  
  33  3:25  Drone  
  36  3:31  Overlord  
  36  4:09  Drone x2  
  40  4:10  Drone x6  
  43  4:23  Spore Crawler  
  42  4:27  Drone x2, Spore Crawler  
  42  4:30  Extractor  
  42  4:31  Extractor  
  42  4:37  Roach  
  43  4:39  Overlord x2  
  43  4:40  Overlord  
Tags
 
Add a new tag
Caveats
  • Supply blocks, unpowered buildings, or Contaminate may cause inaccurate times.
  • Supply counts are checked every 10 seconds.